AoeStats
← omerfarukyilmazpdr

Arabia

508226950Analyzed
1v1 RM · 12d ago on Sep 21, 2026· 50m 26s· 2 players
Game mode
Random Map
Map size
Tiny (2 player)
Population
200
Speed
Normal
Resources
Standard
Victory
Conquest
Starting age
Dark Age
Ending age
Imperial Age
RankedLock teamsTeams togetherTeam positionsShared explorationLock speedFull tech treeHidden civsTurbo modeCheats
Victory
Defeat
🇹🇷 Spanish · Türkiye
755
+13
🇨🇱 Inca · Chile
697
-18
MILOROJAS
8:49 Loom
9:09 Loom
11:50 Feudal Age
17:50 Castle Age
15:56 Horse Collar
16:01 Double-Bit Axe
20:06 Bow Saw
21:12 Elite Skirmisher
24:42 Pikeman
25:38 Forging
25:18 Fletching
31:51 Squires
32:33 Iron Casting
34:34 Ballistics
34:12 Murder Holes
33:58 Treadmill Crane
36:49 Scale Mail Armor
38:19 Andean Sling
41:38 Masonry
46:44 Imperial Age
44:51 Wheelbarrow
47:37 Fabric Shields
47:00 Elite Kamayuk
48:04 Halberdier
omerfarukyilmazpdr
9:53 Feudal Age
10:21 Double-Bit Axe
11:05 Horse Collar
18:09 Castle Age
17:08 Town Watch
18:26 Wheelbarrow
19:52 Stone Mining
20:43 Padded Archer Armor
20:50 Scale Barding Armor
20:47 Scale Mail Armor
20:40 Fletching
21:13 Gold Mining
21:38 Bow Saw
22:31 Heavy Plow
24:54 Leather Archer Armor
25:00 Chain Barding Armor
24:36 Bodkin Arrow
27:22 Hand Cart
27:33 Bloodlines
27:23 Husbandry
28:56 Husbandry
29:25 Bloodlines
34:40 Imperial Age
32:24 Forging
34:27 Iron Casting
34:51 Ballistics
34:43 Masonry
35:44 Conscription
35:17 Arrowslits
36:32 Chemistry
35:41 Cavalier
36:57 Town Patrol
36:43 Loom
37:37 Plate Barding Armor
37:33 Ring Archer Armor
38:30 Architecture
38:40 Hoardings
39:15 Elite Conquistador
40:28 Bracer
41:29 Blast Furnace
45:40 Paladin
Connection lost

Rejoining the realm…

Still unreachable

The connection could not be restored.

Session expired

The server has moved on; the page needs a fresh start.